 Dungeon Crawl Stone Soup version 0.24-a0-271-ga0fc33f (webtiles) character file.

Game seed: 17621582968344353114

5497 Laiders72 the Basher (level 10, -7/93 HPs)
             Began as a Minotaur Berserker on Apr 23, 2019.
             Was an Elder of Trog.
             Mangled by a troll (12 damage)
             ... on level 8 of the Dungeon.
             The game lasted 00:21:51 (7411 turns).

Laiders72 the Basher (Minotaur Berserker)           Turns: 7411, Time: 00:21:52

Health: -7/93      AC: 14    Str: 22    XL:     10   Next: 42%
Magic:  0/9        EV:  8    Int:  5    God:    Trog [****..]
Gold:   346        SH:  0    Dex: 12    Spells: 9/9 levels left

rFire    . . .     SeeInvis .   a - +2 whip (flame)
rCold    . . .     Gourm    .   (no shield)
rNeg     + . .     Faith    .   q - +0 plate armour
rPois    .         Spirit   +   (helmet restricted)
rElec    .         Reflect  .   (no cloak)
rCorr    .         Harm     .   n - +1 pair of gloves
MR       ++...                  (no boots)
Stlth    ..........             y - amulet of guardian spirit
HPRegen  1.25/turn              z - ring of positive energy
MPRegen  0.11/turn              (no ring)

@: berserk cooldown, regenerating, slowed, very slow
A: retaliatory headbutt, horns 2
a: Berserk, Trog's Hand, Brothers in Arms, Renounce Religion


You were on level 8 of the Dungeon.
You worshipped Trog.
Trog was greatly pleased with you.
You were not hungry.

You visited 1 branch of the dungeon, and saw 8 of its levels.

You collected 346 gold pieces.

Inventory:

Hand Weapons
 a - a +2 whip of flaming (weapon)
 b - a +2 hunting sling
Missiles
 h - a throwing net (quivered)
 k - 25 sling bullets
Armour
 n - a +1 pair of gloves (worn)
 q - a +0 plate armour (worn)
Jewellery
 y - an amulet of guardian spirit (around neck)
 z - a ring of positive energy (left hand)
Wands
 l - a wand of iceblast (3)
Scrolls
 d - a scroll of torment {unknown}
 e - a scroll of vulnerability {unknown}
 g - 2 scrolls of identify
 i - 4 scrolls of remove curse
 m - 2 scrolls of fog
 p - a scroll of enchant armour
 r - 3 scrolls of fear
 t - 2 scrolls of teleportation
 A - a scroll of random uselessness {unknown}
Potions
 j - 2 potions of haste
 o - a potion of ambrosia
 s - 4 potions of curing
Comestibles
 c - 9 rations


   Skills:
 - Level 10.0 Fighting
 - Level 14.0 Maces & Flails
 + Level 3.8 Slings
 + Level 5.1 Armour
 + Level 4.6 Dodging


You had 9 spell levels left.
You didn't know any spells.
Your spell library was empty.

Dungeon Overview and Level Annotations

Branches:
Dungeon (8/15)             Temple (0/1) D:6
   Lair: D:8-11

Altars:
Ashenzari
Dithmenos
Elyvilon
Hepliaklqana
Kikubaaqudgha
Nemelex Xobeh
Sif Muna
Trog
Vehumet
Wu Jian
Yredelemnul
Zin

Shops:
D:4 *

Annotations:
D:3 Sigmund
D:8 1 transporter, SaintRoka's ghost, novice NaIE


Innate Abilities, Weirdness & Mutations

You reflexively headbutt those who attack you in melee.
You have a pair of horns on your head.


Message History

The troll bites you. The troll claws you! x2
The moth of wrath goads the orc warrior on!
The orc warrior goes berserk!
The moth of wrath goads the ogre on!
The ogre goes berserk!
The ogre hits you with a +0 giant spiked club!
SaintRoka's ghost casts a spell.
The troll bites you!
* * * LOW HITPOINT WARNING * * *
The troll claws you!
* * * LOW HITPOINT WARNING * * *
The troll claws you.
* * * LOW HITPOINT WARNING * * *
You hit the moth of wrath. You burn the moth of wrath.
The moth of wrath is moderately wounded.
The orc warrior hits you with the cursed +2 quarterstaff of Lujume {antimagic, -Tele rC+ rN+ Int+5}.
* * * LOW HITPOINT WARNING * * *
The moth of wrath bites you.
* * * LOW HITPOINT WARNING * * *
The troll bites you!
You die...

.'....#....##...©..(#######'#####
.#....###.#...#####...##.......#
......###...###...###..#.......#
...........###......##.#.......#
....#####..# ###..#.##.........#
###.......####≈#.######........#
#########.#.Y##!$§§#..#........##
....# #.#©..WOy§##..#..).......
###.### #.#...#T@.....#.########.
###...# #.##..#§o....##.#<#......
..###.# #..#..##.....#..#.#.#####
..# #.####.###).....##../.#.# ..#
#.......###.©.###...#.#.#
..#########...#####.....#...#
..'.............©.....#'#####
..#############......#.....#
..#........................#


You could see a moth of wrath, a troll (berserk), an orc warrior (berserk), an
ice beast, an ogre (berserk) and SaintRoka's ghost.

Vanquished Creatures
  A two-headed ogre (D:8)
  Pikel (D:6)
  4 yaks (D:7)
  A hungry ghost (D:7)
  A water moccasin (D:7)
  The ghost of Stiffzip the Shooter, an amateur SpHu (D:5)
  2 orc warriors (D:8)
  A phantom (D:7)
  An eye of draining (D:8)
  A black bear (D:7)
  4 sky beasts
  6 ogres
  3 centaurs
  3 bullfrogs
  A wyvern skeleton (D:7)
  2 scorpions
  9 killer bees
  2 howler monkeys (D:5)
  A bullfrog zombie (D:6)
  7 crimson imps
  4 hounds
  A quasit (D:8)
  2 bullfrog skeletons
  A centaur skeleton (D:7)
  3 orc priests
  A jelly (D:8)
  6 orc wizards
  Jessica (D:2)
  2 worker ants (D:8)
  A worker ant zombie (D:6)
  6 adders
  2 shadow imps (D:6)
  An ooze (D:1)
  An adder skeleton (D:5)
  4 worms
  7 leopard geckos
  20 orcs
  7 bats
  5 giant cockroaches
  2 gnoll zombies (D:2)
  3 goblins
  5 hobgoblins
  17 jackals
  7 kobolds
  4 quokkas
  A ball python (D:1)
  4 frilled lizards
  A leopard gecko skeleton (D:6)
  2 leopard gecko zombies (D:5)
  A quokka skeleton (D:7)
  7 rats
181 creatures vanquished.

Vanquished Creatures (collateral kills)
  A gnoll sergeant (D:8)
  2 killer bees (D:8)
3 creatures vanquished.

Vanquished Creatures (others)
  A howler monkey (D:6)
  An orc (D:6)
  A bat (D:2)
3 creatures vanquished.

Grand Total: 187 creatures vanquished

Notes
Turn   | Place    | Note
-------+----------+-------------------------------------------
     0 | D:1      | Laiders72 the Minotaur Berserker began the quest for the
                  | Orb.
     0 | D:1      | Reached XP level 1. HP: 19/19 MP: 0/0
    88 | D:1      | Reached skill level 4 in Maces & Flails
   114 | D:1      | Reached XP level 2. HP: 21/27 MP: 1/1
   564 | D:1      | Reached XP level 3. HP: 15/33 MP: 2/2
   861 | D:1      | Reached ** piety under Trog
  1268 | D:2      | Found a hazy altar of Hepliaklqana.
  1290 | D:2      | Noticed Jessica
  1296 | D:2      | Killed Jessica
  1296 | D:2      | Reached skill level 5 in Maces & Flails
  1296 | D:2      | Reached XP level 4. HP: 40/41 MP: 3/3
  1319 | D:2      | Found a white marble altar of Elyvilon.
  1438 | D:2      | Found a sparkling altar of Nemelex Xobeh.
  1832 | D:2      | Found a basalt altar of Yredelemnul.
  2058 | D:3      | Noticed Sigmund
  2351 | D:4      | Reached skill level 6 in Maces & Flails
  2458 | D:4      | Reached XP level 5. HP: 42/47 MP: 4/4
  2476 | D:4      | Found an ancient bone altar of Kikubaaqudgha.
  2478 | D:4      | Noticed an ogre
  2480 | D:4      | Reached skill level 5 in Fighting
  2481 | D:4      | Reached skill level 7 in Maces & Flails
  2481 | D:4      | Reached XP level 6. HP: 37/56 MP: 5/5
  2522 | D:4      | Reached *** piety under Trog
  2522 | D:4      | Reached skill level 8 in Maces & Flails
  2596 | D:4      | Found Gozag's Platinum Reserve.
  2634 | D:4      | You fall through a shaft!
  2634 | D:5      | Entered Level 5 of the Dungeon
  2775 | D:5      | Reached XP level 7. HP: 32/64 MP: 6/6
  2798 | D:5      | HP: 3/64 [hound (2)]
  2804 | D:5      | HP: 3/64 [leopard gecko (1)]
  2965 | D:5      | Reached skill level 9 in Maces & Flails
  3292 | D:5      | Found a transporter.
  3296 | D:5      | Noticed Stiffzip's ghost (amateur SpHu)
  3618 | D:5      | Reached XP level 8. HP: 43/73 MP: 7/7
  3637 | D:5      | Found a transporter.
  3843 | D:5      | Killed Stiffzip's ghost
  3843 | D:5      | Reached skill level 10 in Maces & Flails
  4003 | D:6      | Found a staircase to the Ecumenical Temple.
  4004 | D:6      | Noticed Pikel
  4015 | D:6      | Killed Pikel
  4015 | D:6      | Reached skill level 11 in Maces & Flails
  4706 | D:7      | Found a shadowy altar of Dithmenos.
  4727 | D:7      | Reached XP level 9. HP: 69/82 MP: 5/8
  4748 | D:7      | Reached skill level 12 in Maces & Flails
  4804 | D:7      | Found a deep blue altar of Sif Muna.
  4822 | D:7      | Reached **** piety under Trog
  5217 | D:7      | Reached skill level 13 in Maces & Flails
  5242 | D:7      | Reached skill level 10 in Fighting
  5335 | D:7      | Found a shattered altar of Ashenzari.
  5432 | D:7      | Reached skill level 14 in Maces & Flails
  5853 | D:8      | Noticed a two-headed ogre
  5863 | D:8      | Killed a two-headed ogre
  5863 | D:8      | Reached XP level 10. HP: 24/93 MP: 1/9
  6387 | D:8      | Found a radiant altar of Vehumet.
  6389 | D:8      | Found an ornate altar of the Wu Jian Council.
  6391 | D:8      | Found a shattered altar of Ashenzari.
  6429 | D:8      | Found a glowing silver altar of Zin.
  6754 | D:8      | Noticed a moth of wrath
  6756 | D:8      | Noticed SaintRoka's ghost (novice NaIE)
  6759 | D:8      | Found a bloodstained altar of Trog.
  6759 | D:8      | Found a transporter.
  6761 | D:8      | Identified the cursed +2 quarterstaff of Lujume {antimagic,
                  | -Tele rC+ rN+ Int+5}
  6787 | D:8      | Found a transporter.
  6828 | D:8      | Reached skill level 5 in Armour
  7411 | D:8      | Mangled by a troll

Levels and vault maps discovered:
D:1:      dpeg_arrival_brainrot, layout_loops_ring
D:2:      layout_basic, elyvilon_altar_4, lemuel_crystal_altar,
          lemuel_zombie_altar_yredelemnul, old_standard_altar, kennysheep_donut,
          uniq_jessica
D:3:      layout_basic, nicolae_ru_sacrificial_ziggurat, uniq_sigmund
D:4:      layout_layer_cave, nicolae_gozag_zags_fifth_avenue,
          kiku_gazebo_garden_becter, first_ration
D:5:      layout_loops_ring, gammafunk_ghost_arena
D:6:      layout_loops_ring, minmay_temple_entry_drinking_statues,
          corexii_corridor_pit, uniq_pikel
D:7:      layout_loops_ring, led_sif_book, lemuel_crystal_altar,
          ashenzari_altar_1
D:8:      layout_basic, grunt_temple_overflow_open,
          gammafunk_ghost_wrathful_warriors

Skill      XL: |  1  2  3  4  5  6  7  8  9 10 |
---------------+-------------------------------+-----
Maces & Flails | 4 5 6 7 8 9 11 14 | 14.0
Fighting       | 4 5 6 7 8 10 | 10.0
Slings         | 2 3 |  3.8
Armour         | 3 5 |  5.1
Dodging        | 3 4 |  4.6

Action                   |  1- 3 |  4- 6 |  7- 9 | 10-12 || total
-------------------------+-------+-------+-------+-------++-------
Melee: Mace              |    58 |     4 |       |       ||    62
       Headbutt          |    12 |    12 |    51 |    31 ||   106
       Flail             |       |    90 |   118 |       ||   208
       Whip              |       |       |   150 |   119 ||   269
 Fire: Hunting sling     |       |       |    43 |    22 ||    65
Invok: Trog's Hand       |       |     1 |     2 |     2 ||     5
       Berserk           |       |     1 |     2 |     1 ||     4
       Brothers in Arms  |       |       |       |     2 ||     2
  Use: Scroll            |     2 |       |     8 |     4 ||    14
       Potion            |       |     1 |     6 |       ||     7
  Eat: Chunk             |     1 |     3 |     9 |     3 ||    16
       Ration            |       |     1 |     1 |     2 ||     4
Armor: Animal skin       |    10 |     3 |       |       ||    13
       Scale mail        |       |    34 |    55 |       ||    89
       Chain mail        |       |       |    49 |     2 ||    51
       Plate armour      |       |       |       |    36 ||    36
Dodge: Dodged            |    56 |    93 |   107 |    38 ||   294

Table legend:
 A = Non-vault XP
 B = Vault XP
 C = Vault XP percentage of total XP
 D = Non-vault monster count
 E = Vault monster count
 F = Vault count percentage of total count
                 A         B        C        D         E       F
            +---------+---------+-------+---------+---------+-------
      Total |    6868 |     986 |  12.6 |     174 |      11 |   5.9
            +---------+---------+-------+---------+---------+-------
        D:1 |      42 |       5 |  10.6 |      22 |       1 |   4.3
        D:2 |      82 |      41 |  33.3 |      23 |       3 |  11.5
        D:3 |       9 |       0 |   0.0 |       6 |       0 |   0.0
        D:4 |     502 |       0 |   0.0 |      11 |       0 |   0.0
        D:5 |     831 |     196 |  19.1 |      38 |       3 |   7.3
        D:6 |     367 |     641 |  63.6 |      13 |       1 |   7.1
        D:7 |    2540 |      63 |   2.4 |      24 |       2 |   7.7
        D:8 |    2495 |      40 |   1.6 |      37 |       1 |   2.6
            +---------+---------+-------+---------+---------+-------
